 Dungeon Crawl Stone Soup version 0.31.0-12-g77e489cdc1 (webtiles) character file.

Game seed: 14572802664685527842

225 booth the Chopper (level 5, -3/41 HPs)
             Began as a Demonspawn Gladiator on Feb 17, 2024.
             Was an Initiate of Okawaru.
             Slain by Duvessa
             ... wielding a +0 short sword
              (13 damage)
             ... on level 4 of the Dungeon.
             The game lasted 00:13:04 (2475 turns).

booth the Chopper (Demonspawn Gladiator)            Turns: 2475, Time: 00:13:04

Health: -3/41      AC: 13    Str: 14    XL:     5   Next: 68%
Magic:  5/5        EV: 12    Int: 10    God:    Okawaru [......]
Gold:   188        SH:  5    Dex: 21    Spells: 4/4 levels left

rFire   . . .        a - +1 war axe
rCold   . . .        (no shield)
rNeg    . . .        t - +3 ring mail "Riomaubboj" {SInv}
rPois   .            c - +1 helmet
rElec   .            (no cloak)
rCorr   .            (no gloves)
SInv    +            (no boots)
Will    .....        g - amulet of reflection
Stlth   +            x - +6 ring of dexterity
HPRegen 0.26/turn    (no ring)
MPRegen 0.09/turn

%: reflection
@: lit by a corona, glowing
A: yellow scales 2, spiny 1
a: Renounce Religion


You were on level 4 of the Dungeon.
You worshipped Okawaru.
Okawaru was noncommittal.
You visited 1 branch of the dungeon, and saw 4 of its levels.

You collected 188 gold pieces.

Inventory:

Hand Weapons
 a - a +1 war axe (weapon)
 s - a +2 flail of venom
Missiles
 d - 4 throwing nets (quivered)
 e - 5 javelins
 p - 2 poisoned darts
 q - 3 boomerangs
Armour
 b - a +1 leather armour
 c - a +1 helmet (worn)
 t - the +3 ring mail "Riomaubboj" (worn) {SInv}
   (You found it on level 3 of the Dungeon)

   SInv:      It lets you see invisible.
Jewellery
 g - an amulet of reflection (around neck)
 k - an amulet of faith
 x - a +6 ring of dexterity (left hand)
Scrolls
 h - a scroll of immolation {unknown}
 n - a scroll of teleportation
Potions
 f - a potion of invisibility
 i - a potion of cancellation {unknown}
 j - a potion of attraction
 l - a potion of enlightenment {unknown}
 m - a potion of heal wounds
 o - a potion of curing {unknown}
 r - a potion of berserk rage {unknown}


   Skills:
 + Level 3.4 Fighting
 * Level 4.6 Axes
 + Level 3.0 Throwing
 - Level 2.6 Dodging


You had 4 spell levels left.
You didn't know any spells.
Your spell library contained the following spells:

 Spells                   Type           Power      Damage    Failure   Level
 Apportation              Tloc           0%         N/A       61%         1
 Jinxbite                 Hex            0%         N/A       75%         2
 Alistair's Intoxication  Alch           0%         N/A       100%        5


Dungeon Overview and Level Annotations

Branches:
Dungeon (4/15)
 Temple: D:4-7

Altars:
Makhleb
Okawaru

Annotations:
D:4 Duvessa, Pikel


Innate Abilities, Weirdness & Mutations

You are mostly covered in yellow scales. (AC +3)
You are partially covered in sharp spines.


Message History

Dowan is heavily wounded.
Throw: 6 javelins
Press: ? - help, Q - select action, (/) - cycle Shift-Dir - straight line, f/p - Dowan
Aim: Dowan, wielding a +0 dagger and wearing a +0 robe (heavily wounded, 51% to hit)
You throw a javelin.
The javelin pierces through Duvessa but does no damage.
Duvessa is lightly wounded.
The javelin pierces through Dowan!
Dowan is almost dead.
Duvessa hits you but does no damage.
Dowan gestures wildly while chanting.
Dowan blinks!
You hit Duvessa but do no damage.
Duvessa is lightly wounded.
Duvessa hits you with a +0 short sword! Duvessa is struck by your spines.
Duvessa hits you but does no damage.
Dowan points at you and mumbles some strange words.
You are outlined in light.
You closely miss Duvessa.
Duvessa is lightly wounded.
Duvessa hits you with a +0 short sword.
You hit Duvessa.
Duvessa is lightly wounded.
You hit Dowan. Duvessa hits you but does no damage.
Dowan is struck by your spines.
You kill Dowan!
Okawaru accepts your kill.
Duvessa screams, "No!
How DARE you!"
Duvessa goes berserk!
Your Throwing skill increases to level 3!
You slash Duvessa!
Duvessa is moderately wounded.
Duvessa hits you with a +0 short sword! x2
The lemure shouts!
You hit Duvessa.
Duvessa is moderately wounded.
Duvessa hits you with a +0 short sword.
* * * LOW HITPOINT WARNING * * *
Duvessa hits you with a +0 short sword!
You die...

..#.#...... .........#
♣ #..##...####.
##..##...#.#.#
###..5....#.♣.#
#..........#.# #
#######...........# #.
#(..e@).........$###.⌠
#(#####...........#.#
.. ####...)...#.## ...
#......#.⌠.#


.ee ..........#.#.# .. #..........####. . #........$..# ⌠ .....!.......
.............. You could see Duvessa (berserk) and a lemure.

Vanquished Creatures
  Dowan (D:4)
  7 gnolls
  3 adders
  A dart slug (D:1)
  3 ribbon worms
  An orc (D:3)
  5 ball pythons
  9 endoplasms
  3 giant cockroaches
  7 goblins
  11 hobgoblins
  4 jackals (D:3)
  3 quokkas
  4 bats
  A frilled lizard (D:1)
  7 kobolds
  3 rats
73 creatures vanquished.

Notes
Turn   | Place    | Note
-------+----------+-------------------------------------------
     0 | D:1      | booth the Demonspawn Gladiator began the quest for the Orb.
     0 | D:1      | Reached XP level 1. HP: 16/16 MP: 1/1
   225 | D:1      | Reached skill level 3 in Axes
   225 | D:1      | Gained mutation: You are partially covered in yellow
                  | scales. (AC +2) [demonic ancestry]
   225 | D:1      | Reached XP level 2. HP: 21/22 MP: 2/2
   668 | D:1      | Gained mutation: You are mostly covered in yellow scales.
                  | (AC +3) [demonic ancestry]
   668 | D:1      | Reached XP level 3. HP: 28/28 MP: 3/3
   829 | D:2      | Gained mutation: You are partially covered in sharp spines.
                  | [demonic ancestry]
   829 | D:2      | Reached XP level 4. HP: 20/34 MP: 4/4
  1355 | D:2      | Reached skill level 4 in Axes
  1754 | D:3      | Found an iron altar of Okawaru.
  1766 | D:3      | Found a burning altar of Makhleb.
  1835 | D:3      | Became a worshipper of Warmaster Okawaru
  1961 | D:3      | Reached XP level 5. HP: 41/41 MP: 5/5
  2079 | D:3      | Identified the +3 ring mail "Riomaubboj" {SInv}
  2384 | D:4      | Noticed Pikel
  2384 | D:4      | Noticed a lemure
  2384 | D:4      | Noticed a lemure
  2387 | D:4      | Noticed a lemure
  2387 | D:4      | Noticed a lemure
  2397 | D:4      | HP: 2/41 [Pikel/+2 whip of flaming (2)]
  2463 | D:4      | Noticed Duvessa
  2463 | D:4      | Noticed Dowan
  2473 | D:4      | Killed Dowan
  2475 | D:4      | Slain by Duvessa

Illustrated notes

Levels and vault maps discovered:
D:1:      mushboom_english_gardens, layout_basic
D:2:      layout_loops_ring, minmay_goblin_kobold_house
D:3:      layout_rooms, minitemple, kennysheep_generic_room_12
D:4:      layout_cave_pools, mainiacjoe_overflow_brackets,
          mainiacjoe_overflow_chevrons, serial_shops,
          nicolae_shop_real_fake_doors, grunt_decor_mini_mirrors,
          chequers_serial_rivers_marsh, st_stairs_8, uniq_pikel, uniq_duvessa

Skill      XL: |  1  2  3  4  5 |
---------------+----------------+-----
Axes           | 3 4 |  4.6
Throwing       | 2 3 |  3.0
Fighting       | 3 |  3.4
Dodging        | |  2.6

Action                     |  1- 3 |  4- 6 || total
---------------------------+-------+-------++-------
  Melee: War axe           |    66 |    84 ||   150
         Punch             |     2 |     1 ||     3
  Throw: Throwing net      |     2 |     1 ||     3
         Javelin           |     1 |     2 ||     3
         Dart              |       |     3 ||     3
    Use: Scroll            |     4 |     7 ||    11
         Potion            |     1 |     2 ||     3
 Armour: Leather armour    |    26 |    26 ||    52
         Ring mail         |       |    31 ||    31
  Dodge: Dodged            |    40 |    34 ||    74
  Block: Other             |    14 |    20 ||    34
         Reflection        |     1 |     1 ||     2
